PCL
SPOKANE TRAPPERS @ GRESHAM GOLD SOULS
08/29/2024
 
TOP OF THE 1ST
Spokane Trappers batting - Pitching for Gresham Gold Souls : RHP António Benítez
Pitching: RHP António Benítez
Batting: LHB Jaime Padilla 0-0: Foul Ball, location: 2F
0-1: Ball
1-1: Hit by Pitch
Batting: RHB John Craig 0-0: Ball
1-0: Swinging Strike
1-1: Ball
2-1: Called Strike
Jaime Padilla is caught stealing 2nd base
2-2: Foul Ball, location: 2F
2-2: Ground out 6-3 (Groundball, 6)
Batting: RHB Enrico Rodríguez 0-0: Called Strike
0-1: Swinging Strike
0-2: Ball
1-2: Strikes out looking
Top of the 1st over - 0 run(s), 0 hit(s), 0 error(s), 0 left on base; Spokane 0 - Gresham 0
BOTTOM OF THE 1ST
Gresham Gold Souls batting - Pitching for Spokane Trappers : RHP José Ortíz
Pitching: RHP José Ortíz
Batting: SHB Sean Carr 0-0: Called Strike
0-1: Foul Ball, location: 2F
0-2: Foul Ball, location: 2F
0-2: Strikes out swinging
Batting: RHB Lorenzo Morín 0-0: Ball
1-0: Foul Ball, location: 2F
1-1: Ball
2-1: Swinging Strike
2-2: Strikes out swinging
Batting: LHB Mike Young 0-0: Called Strike
0-1: Ball
1-1: Foul Ball, location: 2F
1-2: Ball
2-2: Strikes out swinging
Bottom of the 1st over - 0 run(s), 0 hit(s), 0 error(s), 0 left on base; Spokane 0 - Gresham 0
TOP OF THE 2ND
Spokane Trappers batting - Pitching for Gresham Gold Souls : RHP António Benítez
Batting: SHB Esteban Silva 0-0: Ball
1-0: SINGLE (Line Drive, 4)
Batting: LHB José Feliciano 0-0: Called Strike
0-1: Ball
1-1: Swinging Strike
1-2: Ball
2-2: Foul Ball, location: 2F
2-2: Ball
3-2: Strikes out swinging
Batting: RHB Ramiro Ross 0-0: Swinging Strike
0-1: Ground out 5-3 (Groundball, 5S)
Esteban Silva to second
Batting: LHB Pete Carter 0-0: Foul Ball, location: 2F
0-1: Ball
1-1: Swinging Strike
1-2: Foul Ball, location: 2F
1-2: Strikes out swinging
Top of the 2nd over - 0 run(s), 1 hit(s), 0 error(s), 1 left on base; Spokane 0 - Gresham 0
BOTTOM OF THE 2ND
Gresham Gold Souls batting - Pitching for Spokane Trappers : RHP José Ortíz
Batting: LHB Salvador Ruíz 0-0: Swinging Strike
0-1: Ball
1-1: Reached on error, E5 (Groundball, 5S)
Batting: RHB Claudio Guerra 0-0: Called Strike
0-1: Called Strike
0-2: 2-RUN HOME RUN (Line Drive, 8LXD), Distance : 420 ft
Batting: LHB Jack Cartwright 0-0: Ball
1-0: Called Strike
1-1: Ground out 5-3 (Groundball, 5S)
Batting: RHB Jeff Thompson 0-0: Ground out 6-3 (Groundball, 6)
Batting: RHB Pablo Castillo 0-0: Called Strike
0-1: Ball
1-1: Ball
2-1: Foul Ball, location: 2F
2-2: Strikes out looking
Bottom of the 2nd over - 2 run(s), 1 hit(s), 1 error(s), 0 left on base; Spokane 0 - Gresham 2
TOP OF THE 3RD
Spokane Trappers batting - Pitching for Gresham Gold Souls : RHP António Benítez
Batting: LHB Fernando Pérez 0-0: Called Strike
0-1: Called Strike
0-2: Strikes out swinging
Batting: RHB Ernesto Acosta 0-0: Ball
1-0: Ground out 6-3 (Groundball, 6M)
Batting: LHB Jaime Padilla 0-0: Swinging Strike
0-1: Foul Ball, location: 2F
0-2: Foul Ball, location: 2F
0-2: Strikes out looking
Top of the 3rd over - 0 run(s), 0 hit(s), 0 error(s), 0 left on base; Spokane 0 - Gresham 2
BOTTOM OF THE 3RD
Gresham Gold Souls batting - Pitching for Spokane Trappers : RHP José Ortíz
Batting: SHB Vicente Martínez 0-0: Ball
1-0: Ball
2-0: Called Strike
2-1: Foul Ball, location: 2F
2-2: Ball
3-2: Foul Ball, location: 2F
3-2: SINGLE (Line Drive, 8LS)
Batting: SHB Sean Carr 0-0: Called Strike
0-1: Swinging Strike
0-2: Strikes out looking
Batting: RHB Lorenzo Morín 0-0: Ball
1-0: Ball
2-0: Called Strike
2-1: Called Strike
2-2: Foul Ball, location: 2F
2-2: Strikes out swinging
Batting: LHB Mike Young 0-0: Called Strike
0-1: SINGLE (Groundball, 15) (infield hit)
Vicente Martínez to second
Batting: LHB Salvador Ruíz 0-0: Foul Ball, location: 2F
0-1: Ground out 6-3 (Groundball, 6)
Bottom of the 3rd over - 0 run(s), 2 hit(s), 0 error(s), 2 left on base; Spokane 0 - Gresham 2
TOP OF THE 4TH
Spokane Trappers batting - Pitching for Gresham Gold Souls : RHP António Benítez
Batting: RHB John Craig 0-0: Ball
1-0: Ball
2-0: Ball
3-0: Called Strike
3-1: Base on Balls
Batting: RHB Enrico Rodríguez 0-0: Swinging Strike
0-1: Ball
1-1: Fly out, F8 (Flyball, 8RXD)
Batting: SHB Esteban Silva 0-0: Ball
1-0: Called Strike
1-1: Ball
2-1: Ball
3-1: Fly out, F8 (Flyball, 8LXD)
Batting: LHB José Feliciano 0-0: Foul Ball, location: 2F
0-1: Ball
1-1: Ball
2-1: Foul Ball, location: 2F
2-2: Ball
Wild Pitch!
John Craig to second
3-2: Strikes out swinging
Top of the 4th over - 0 run(s), 0 hit(s), 0 error(s), 1 left on base; Spokane 0 - Gresham 2
BOTTOM OF THE 4TH
Gresham Gold Souls batting - Pitching for Spokane Trappers : RHP José Ortíz
Batting: RHB Claudio Guerra 0-0: Called Strike
0-1: Foul Ball, location: 2F
0-2: Ball
1-2: Ball
2-2: Strikes out swinging
Batting: LHB Jack Cartwright 0-0: Fly out, F6 (Popup, 6D)
Batting: RHB Jeff Thompson 0-0: Hit by Pitch
Batting: RHB Pablo Castillo Pickoff Throw to First - Out!
Bottom of the 4th over - 0 run(s), 0 hit(s), 0 error(s), 0 left on base; Spokane 0 - Gresham 2
TOP OF THE 5TH
Spokane Trappers batting - Pitching for Gresham Gold Souls : RHP António Benítez
Batting: RHB Ramiro Ross 0-0: Ball
1-0: Ball
2-0: Called Strike
2-1: Ball
3-1: Foul Ball, location: 2F
3-2: Base on Balls
Batting: LHB Pete Carter 0-0: Foul Ball, location: 2F
0-1: Ball
1-1: Ball
2-1: Fly out, F8 (Flyball, 8LD)
Batting: LHB Fernando Pérez 0-0: Ball
1-0: Fielders Choice at 2nd, 6-4 (Groundball, 6)
Batting: RHB Ernesto Acosta 0-0: Ball
1-0: Called Strike
1-1: Swinging Strike
1-2: DOUBLE (Line Drive, 89M)
Fernando Pérez to third
Runner from 3rd tries for Home, throw and OUT!
Top of the 5th over - 0 run(s), 1 hit(s), 0 error(s), 1 left on base; Spokane 0 - Gresham 2
BOTTOM OF THE 5TH
Gresham Gold Souls batting - Pitching for Spokane Trappers : RHP José Ortíz
Batting: RHB Pablo Castillo 0-0: Called Strike
0-1: Ball
1-1: Ball
2-1: Foul Ball, location: 2F
2-2: SINGLE (Groundball, 6MD)
Batting: SHB Vicente Martínez 0-0: Ball
1-0: Ball
2-0: Foul Ball, location: 2F
2-1: SINGLE (Groundball, 6MD)
Pablo Castillo to second
Batting: SHB Sean Carr 0-0: Fielders Choice at 2nd, 1-6 (Groundball, 25)
Pablo Castillo to third
Batting: RHB Lorenzo Morín 0-0: Fly out, F7 (Line Drive, 7M)
Runner from 3rd tags up, SCORES, throw made
Batting: LHB Mike Young 0-0: Foul Ball, location: 2F
0-1: Ball
1-1: Reached on error, E5 (Groundball, 56)
Sean Carr to second
Batting: LHB Salvador Ruíz 0-0: Ball
1-0: Ball
2-0: Foul Ball, location: 2F
2-1: Foul Ball, location: 2F
2-2: SINGLE (Groundball, 3D)
Sean Carr to third
Mike Young to second
Runner from 3rd tries for Home, SAFE, no throw or cutoff
Batting: RHB Claudio Guerra 0-0: Swinging Strike
0-1: Fielders Choice at 2nd, U6 (Groundball, 6M)
Bottom of the 5th over - 2 run(s), 3 hit(s), 1 error(s), 2 left on base; Spokane 0 - Gresham 4
TOP OF THE 6TH
Spokane Trappers batting - Pitching for Gresham Gold Souls : RHP António Benítez
Batting: LHB Jaime Padilla 0-0: SOLO HOME RUN (Flyball, 8RXD), Distance : 432 ft
Batting: RHB John Craig 0-0: Foul Ball, location: 2F
0-1: Ball
1-1: Ball
2-1: Ball
3-1: Ground out 6-3 (Groundball, 6)
Batting: RHB Enrico Rodríguez 0-0: Ground out 6-3 (Groundball, 6)
Batting: SHB Esteban Silva 0-0: Called Strike
0-1: Called Strike
0-2: DOUBLE (Line Drive, 9LD)
Batting: LHB José Feliciano 0-0: Ball
1-0: Ball
2-0: Foul Ball, location: 2F
2-1: Reached on Error, E6 (Popup, 6D)
Esteban Silva to third
Batting: RHB Ramiro Ross 0-0: Called Strike
0-1: Ball
1-1: 3-RUN HOME RUN (Flyball, 78XD), Distance : 414 ft
Batting: LHB Pete Carter 0-0: Bunt for hit - play at first, batter safe!
Batting: LHB Fernando Pérez 0-0: Ball
1-0: SINGLE (Groundball, 4MD)
Pete Carter to second
Runner from 2nd tries for 3rd, SAFE, throw made to third
Batting: RHB Ernesto Acosta 0-0: DOUBLE (Line Drive, 8LD)
Pete Carter scores
Fernando Pérez to third
Batting: LHB Jaime Padilla 0-0: Called Strike
0-1: Swinging Strike
0-2: Ball
1-2: Foul Ball, location: 2F
1-2: Ground out 3-1 (Groundball, 34)
Top of the 6th over - 5 run(s), 6 hit(s), 1 error(s), 2 left on base; Spokane 5 - Gresham 4
BOTTOM OF THE 6TH
Gresham Gold Souls batting - Pitching for Spokane Trappers : RHP José Ortíz
Batting: LHB Jack Cartwright 0-0: Ball
1-0: Called Strike
1-1: Foul Ball, location: 2F
1-2: Strikes out swinging
Batting: RHB Jeff Thompson 0-0: Called Strike
0-1: Called Strike
0-2: Fly out, F9 (Flyball, 89D)
Batting: RHB Pablo Castillo 0-0: Ball
1-0: Fly out, F7 (Flyball, 78S)
Bottom of the 6th over - 0 run(s), 0 hit(s), 0 error(s), 0 left on base; Spokane 5 - Gresham 4
TOP OF THE 7TH
Spokane Trappers batting - Pitching for Gresham Gold Souls : RHP António Benítez
Pitching: RHP José González
Batting: RHB John Craig 0-0: Ball
1-0: Foul Ball, location: 2F
1-1: Ball
2-1: Reached on error, E5 (Groundball, 56S)
Pinch Hitting: RHB Toru Nakanishi 0-0: Called Strike
0-1: Grounds into double play, 5-4-3 (Groundball, 56)
Batting: SHB Esteban Silva 0-0: Ball
1-0: Ball
2-0: Ground out 4-3 (Groundball, 4)
Top of the 7th over - 0 run(s), 0 hit(s), 1 error(s), 0 left on base; Spokane 5 - Gresham 4
BOTTOM OF THE 7TH
Gresham Gold Souls batting - Pitching for Spokane Trappers : RHP José Ortíz
Pitching: RHP Andrew Kirk
Now at 3B: Dani Rodríguez
Batting: SHB Vicente Martínez 0-0: Ball
1-0: Foul Ball, location: 2F
1-1: Ball
2-1: Ball
3-1: Foul Ball, location: 2F
3-2: SINGLE (Groundball, 34)
Batting: SHB Sean Carr 0-0: Called Strike
0-1: Fielders Choice at 2nd, 1-4 (Groundball, 13S)
Batting: RHB Lorenzo Morín 0-0: Foul Ball, location: 2F
0-1: Swinging Strike
0-2: Strikes out swinging
Batting: LHB Mike Young 0-0: Ball
1-0: Ball
2-0: Foul Ball, location: 2F
2-1: 2-RUN HOME RUN (Line Drive, 9LD), Distance : 370 ft
Batting: LHB Salvador Ruíz 0-0: Ball
1-0: Ground out 6-3 (Groundball, 6)
Bottom of the 7th over - 2 run(s), 2 hit(s), 0 error(s), 0 left on base; Spokane 5 - Gresham 6
TOP OF THE 8TH
Spokane Trappers batting - Pitching for Gresham Gold Souls : RHP José González
Batting: LHB José Feliciano 0-0: Ball
1-0: Ball
2-0: Called Strike
2-1: Ball
3-1: Foul Ball, location: 2F
3-2: Strikes out swinging
Batting: RHB Ramiro Ross 0-0: Swinging Strike
0-1: Ball
1-1: Called Strike
1-2: Strikes out swinging
Batting: LHB Pete Carter 0-0: Called Strike
0-1: Called Strike
0-2: Strikes out swinging
Top of the 8th over - 0 run(s), 0 hit(s), 0 error(s), 0 left on base; Spokane 5 - Gresham 6
BOTTOM OF THE 8TH
Gresham Gold Souls batting - Pitching for Spokane Trappers : RHP Andrew Kirk
Batting: RHB Claudio Guerra 0-0: Swinging Strike
0-1: Ground out 6-3 (Groundball, 6)
Batting: LHB Jack Cartwright 0-0: Foul Ball, location: 2F
0-1: SINGLE (Groundball, 4MD)
Batting: RHB Jeff Thompson 0-0: Ball
1-0: SINGLE (Groundball, 34D)
Jack Cartwright to second
Runner from 2nd tries for 3rd, SAFE, throw made to third
Batting: RHB Pablo Castillo 0-0: Ball
1-0: Ball
2-0: Ball
3-0: Called Strike
3-1: Base on Balls
Jeff Thompson to second
Batting: SHB Vicente Martínez 0-0: Called Strike
0-1: Ground out 4-3 (Groundball, 4M)
Jack Cartwright scores
Jeff Thompson to third
Pablo Castillo to second
Pitching: RHP Ching-wei Zi
Batting: SHB Sean Carr 0-0: Called Strike
0-1: Ball
1-1: Ball
2-1: Swinging Strike
2-2: Ball
3-2: Base on Balls
Batting: RHB Lorenzo Morín 0-0: DOUBLE (Groundball, 5L)
Jeff Thompson scores
Pablo Castillo scores
Sean Carr to third
Runner from 3rd tries for Home, SAFE, no throw or cutoff
Batting: LHB Mike Young 0-0: Ball
1-0: Ball
2-0: Foul Ball, location: 2F
2-1: Called Strike
2-2: Foul Ball, location: 2F
2-2: Ball
3-2: Fly out, F5 (Popup, 5F)
Bottom of the 8th over - 4 run(s), 3 hit(s), 0 error(s), 1 left on base; Spokane 5 - Gresham 10
TOP OF THE 9TH
Spokane Trappers batting - Pitching for Gresham Gold Souls : RHP José González
Now at C: Luke McIndoe
Batting: LHB Fernando Pérez 0-0: Called Strike
0-1: Ball
1-1: Foul Ball, location: 2F
1-2: Ground out 5-3 (Groundball, 56S)
Batting: RHB Ernesto Acosta 0-0: SINGLE (Groundball, 4D)
Batting: LHB Jaime Padilla 0-0: Fly out, F5 (Popup, 5SF)
Batting: RHB John Craig 0-0: Called Strike
0-1: Foul Ball, location: 2F
0-2: Foul Ball, location: 2F
0-2: SINGLE (Groundball, 4MD)
Ernesto Acosta to second
Runner from 2nd tries for 3rd, SAFE, throw made to third
Batting: RHB Dani Rodríguez 0-0: Ball
1-0: Swinging Strike
1-1: Called Strike
1-2: Strikes out looking
Top of the 9th over - 0 run(s), 2 hit(s), 0 error(s), 2 left on base; Spokane 5 - Gresham 10
This league is powered by Out of the Park Baseball, the baseball management simulation game for PC, Mac and Linux
Saturday, April 9th, 2016 - OOTP Baseball 16.8 Build 38